 Dungeon Crawl Stone Soup version 0.30-b1-2-g02819fbbbe (webtiles) character file.

Game seed: 17098730157023921603

20195 Metae the Fighter (level 12, 0/113 HPs)
             Began as a Minotaur Fighter on June 12, 2023.
             Was a High Priest of Okawaru.
             Succumbed to a cane toad's poison
             ... on level 3 of the Lair of Beasts.
             The game lasted 00:59:36 (14792 turns).

Metae the Fighter (Minotaur Fighter)               Turns: 14792, Time: 00:59:36

Health: 0/113      AC: 28    Str: 25    XL:     12   Next: 43%
Magic:  17/18      EV: 14    Int:  5    God:    Okawaru [*****.]
Gold:   814        SH:  6    Dex: 11    Spells: 11/11 levels left

rFire   . . .        a - +6 eveningstar (protect)
rCold   . . .        c - +0 buckler
rNeg    . . .        O - +0 plate armour
rPois   .            (helmet restricted)
rElec   .            (no cloak)
rCorr   .            A - +1 pair of gloves
SInv    .            N - +0 pair of boots {rampage}
Will    +....        w - amulet of faith Stlth
                     t - ring of willpower
HPRegen 0.38/turn    F - +5 ring of evasion
MPRegen 0.16/turn

%: rampage, faith
@: mighty, lethally poisoned (0 -> -34), heroic, under a protective aura
A: horns 2, retaliatory headbutt
a: Renounce Religion, Heroism, Finesse, Duel


You were on level 3 of the Lair of Beasts.
You worshipped Okawaru.
Okawaru was extremely pleased with you.
You visited 3 branches of the dungeon, and saw 13 of its levels.

You collected 814 gold pieces.

Inventory:

Hand Weapons
 a - a +6 eveningstar of protection (weapon)
 b - a +2 sling of draining
 s - a +4 morningstar
Missiles
 h - 86 stones
 n - 3 boomerangs
 o - a javelin
 J - 2 throwing nets
Armour
 c - a +0 buckler (worn)
 A - a +1 pair of gloves (worn)
 K - the +0 ring mail of Hospitality {Harm Fly}
   (Okawaru gifted it to you on level 9 of the Dungeon)

   Fly:       It grants you flight.
   Harm:      It increases damage dealt and taken.
 N - a +0 pair of boots of rampaging (worn)
 O - a +0 plate armour (worn)
 Q - a +2 hat
Jewellery
 t - a ring of willpower (left hand)
 u - a ring of protection from fire
 w - an amulet of faith (around neck)
 C - a +5 ring of evasion
 F - a +5 ring of evasion (right hand)
 P - a ring of positive energy
Wands
 g - a wand of polymorph (4)
 G - a wand of quicksilver (5)
 H - a wand of mindburst (11)
 L - a wand of flame (9)
Scrolls
 f - 4 scrolls of noise
 i - 3 scrolls of brand weapon
 j - 2 scrolls of torment
 k - 4 scrolls of blinking
 l - 3 scrolls of fear
 m - 4 scrolls of teleportation
 p - a scroll of butterflies
 y - 4 scrolls of fog
 B - 4 scrolls of immolation
 E - 2 scrolls of identify
 M - a scroll of enchant weapon
Potions
 e - 7 potions of degeneration
 q - 2 potions of haste
 r - 3 potions of flight
 v - 3 potions of lignification
 z - a potion of attraction {unknown}
 D - 2 potions of mutation
 I - 5 potions of brilliance
Miscellaneous
 x - a lightning rod (4/4)


   Skills:
 + Level 12.7(17.7) Fighting
 + Level 12.4(17.4) Maces & Flails
 - Level 10.3(15.3) Armour
 - Level 5.6(10.6) Shields
 + Level 9.6 Invocations
 + Level 7.0 Evocations


You had 11 spell levels left.
You didn't know any spells.
Your spell library contained the following spells:

 Spells                   Type           Power      Damage    Failure   Level
 Apportation              Tloc           0%         N/A       99%         1
 Beastly Appendage        Tmut           0%         N/A       99%         1
 Freeze                   Ice            0%         1d3       99%         1
 Necrotise                Necr           0%         1d4       99%         1
 Sandblast                Erth           0%         2d4       99%         1
 Passwall                 Tmut/Erth      0%         N/A       100%        2
 Wereblood                Tmut           0%         N/A       100%        2
 Frozen Ramparts          Ice            0%         1d1       100%        3
 Gell's Gravitas          Tloc           0%         N/A       100%        3
 Hailstorm                Conj/Ice       0%         3d3       100%        3
 Spider Form              Tmut/Pois      0%         N/A       100%        3
 Stone Arrow              Conj/Erth      0%         3d7       100%        3
 Teleport Other           Tloc           0%         N/A       100%        3
 Alistair's Intoxication  Tmut/Pois      0%         N/A       100%        5
 Blade Hands              Tmut           0%         N/A       100%        5
 Irradiate                Conj/Tmut      0%         3d11      100%        5
 Dispersal                Tloc           0%         N/A       100%        6
 Dragon Form              Tmut           0%         N/A       100%        7
 Summon Small Mammal      Summ           Unusable   N/A       N/A         1

Dungeon Overview and Level Annotations

Branches:
Dungeon (9/15)             Temple (1/1) D:4            Lair (3/5) D:8
 Shoals (0/4) Lair:3        Snake (0/4) Lair:2
    Orc: D:9-12

Altars:
Ashenzari
Cheibriados
Dithmenos
Elyvilon
Fedhas
Hepliaklqana
Kikubaaqudgha
Makhleb
Nemelex Xobeh
Okawaru
Qazlal
Ru
Sif Muna
Trog
Uskayaw
Vehumet
Wu Jian
Xom
Yredelemnul
Zin
The Shining One

Annotations:
Lair:3 1 transporter, Fuxod's ghost, journeyman GnWn


Innate Abilities, Weirdness & Mutations

You have a pair of horns on your head.
You reflexively headbutt those who attack you in melee.


Message History

The bullfrog rages.
Fuxod's ghost hits you. The cane toad stings you!!
You are poisoned.
The cane toad poisons you! The yak gores you but does no damage.
You puncture the bullfrog!
Your weapon exudes an aura of protection.
The bullfrog is moderately wounded.
You feel very sick. The bullfrog misses you. The cane toad barely misses you.
You block the bullfrog's attack.
You bludgeon the bullfrog!! You headbutt the bullfrog.
The bullfrog is almost dead.
You feel very sick.
The cane toad stings you but does no damage.
The bullfrog misses you. You furiously retaliate!
You headbutt the bullfrog, but do no damage.
The yak closely misses you. The cane toad misses you. You furiously retaliate!
You headbutt the cane toad! You impale the bullfrog!!
You kill the bullfrog!
Okawaru accepts your kill.
You feel very sick. The cane toad stings you!!
You are more poisoned.
The cane toad poisons you! The yak gores you.
You feel very mighty all of a sudden.
You feel very sick. The cane toad stings you!
* * * LOW HITPOINT WARNING * * *
You are lethally poisoned!
The cane toad poisons you! The yak gores you but does no damage.
The cane toad stings you!!
* * * LOW HITPOINT WARNING * * *
The moth of wrath bites you but does no damage.
Okay, then.
As you read the scroll of fear, it crumbles to dust.
You assume a fearsome visage.
The yak looks frightened!
The moth of wrath looks frightened!
The cane toad is unaffected.
You die...

###.####.#####.#.####...######
...........................#.#
.................#.....#....##
...........................##
.........<.....####©###.....#
.##........#####..###©##...##
####.......#..F.#......##...#
#......##...#.Y.#....#...#
#......#.....@#..##..#..##
#....#.#..##.Fy..#..F#..##
#....#.#.....#.....#.##..#
#......##.##..[###....#..#
##...##..#....[!?$.#..##..#
#........##..##### .###..(#
#....##P..####.©.####....##
##....###................##
###.....####P.#............P#


You could see a moth of wrath (fleeing), a yak (fleeing) and a cane toad
(berserk).

Vanquished Creatures
  Gastronok (Lair:3)
  Harold (D:9)
  Erolcha (D:9)
  A two-headed ogre (D:9)
  A hydra (Lair:1)
  11 elephants (Lair:3)
  3 black mambas
  2 unseen horror zombies (D:9)
  4 cane toads
  A rime drake (Lair:3)
  A komodo dragon (Lair:2)
  13 blink frogs
  A snapping turtle (Lair:3)
  Sigmund (D:4)
  2 spriggans (Lair:3)
  5 wyverns
  5 yaks (Lair:3)
  A basilisk (Lair:1)
  2 vampire mosquitoes (D:8)
  2 wargs (D:8)
  2 nagas (Lair:2)
  6 water moccasins
  2 ice beasts
  2 orc warriors (D:9)
  A sky beast (D:8)
  A hornet zombie (D:9)
  A black bear (Lair:3)
  An ogre (D:7)
  4 centaurs
  A phantom (D:6)
  Blork the orc (D:4)
  A kobold brigand (D:9)
  11 bullfrogs
  A scorpion (D:5)
  10 wights
  7 killer bees
  2 electric eels (Lair:3)
  2 howler monkeys (D:9)
  4 centaur zombies (D:9)
  2 hounds
  2 orc priests
  Natasha (twice) (D:3)
  4 iguanas
  6 orc wizards
  A killer bee zombie (D:9)
  A mummy (D:9)
  2 howler monkey zombies (D:9)
  5 adders
  3 gnolls (D:3)
  A shadow imp (D:5)
  A white imp (D:7)
  An ufetubus (D:7)
  A dart slug (D:4)
  17 orcs
  8 endoplasms
  5 giant cockroaches
  5 goblins
  11 hobgoblins
  3 jackals (D:3)
  4 quokkas
  11 ball pythons
  4 bats
  6 frilled lizards
  7 kobolds
  4 rats
236 creatures vanquished.

Vanquished Creatures (others)
  9 fungi
  54 plants
63 creatures vanquished.

Grand Total: 299 creatures vanquished

Notes
Turn   | Place    | Note
-------+----------+-------------------------------------------
     0 | D:1      | Metae the Minotaur Fighter began the quest for the Orb.
     0 | D:1      | Reached XP level 1. HP: 19/19 MP: 0/0
   250 | D:1      | Reached XP level 2. HP: 27/27 MP: 1/1
   825 | D:2      | Reached XP level 3. HP: 18/33 MP: 2/2
  1342 | D:2      | Reached XP level 4. HP: 15/41 MP: 3/3
  1865 | D:3      | Found a broken altar of Ashenzari.
  1979 | D:3      | Reached XP level 5. HP: 20/47 MP: 4/4
  2130 | D:3      | Found a faded altar of an unknown god.
  2360 | D:3      | Noticed Natasha
  2370 | D:3      | Killed Natasha
  2881 | D:3      | Noticed Natasha
  2885 | D:3      | Killed Natasha
  2886 | D:3      | Reached skill level 5 in Fighting
  2886 | D:3      | Reached skill level 5 in Armour
  2886 | D:3      | Reached skill level 5 in Shields
  2997 | D:4      | Found a stormy altar of Qazlal.
  3094 | D:4      | Reached XP level 6. HP: 54/56 MP: 5/5
  3230 | D:4      | Found a burning altar of Makhleb.
  3280 | D:4      | Found a staircase to the Ecumenical Temple.
  3303 | Temple   | Entered the Ecumenical Temple
  3438 | Temple   | Became a worshipper of Warmaster Okawaru
  3457 | D:4      | Noticed an ice beast
  3458 | D:4      | Noticed Blork the orc
  3498 | D:4      | Killed an ice beast
  3506 | D:4      | Killed Blork the orc
  3922 | D:4      | Noticed Sigmund
  3940 | D:4      | Killed Sigmund
  3941 | D:4      | Reached skill level 5 in Maces & Flails
  3941 | D:4      | Reached skill level 1 in Invocations
  3941 | D:4      | Reached XP level 7. HP: 55/63 MP: 6/6
  4087 | D:5      | Entered Level 5 of the Dungeon
  4282 | D:5      | Reached * piety under Okawaru
  5080 | D:5      | Reached XP level 8. HP: 62/71 MP: 8/8
  5268 | D:6      | Found a sacrificial altar of Ru.
  5360 | D:6      | Found a blossoming altar of Fedhas.
  5360 | D:6      | Found an ancient bone altar of Kikubaaqudgha.
  5429 | D:6      | You fall into a shaft and drop 1 floor!
  5932 | D:7      | Reached ** piety under Okawaru
  6737 | D:8      | Reached XP level 9. HP: 40/81 MP: 11/11
  6739 | D:8      | Reached *** piety under Okawaru
  6945 | D:8      | Found a staircase to the Lair.
  7107 | D:8      | Reached skill level 5 in Invocations
  7137 | D:8      | Reached **** piety under Okawaru
  7385 | D:8      | Found an ornate altar of the Wu Jian Council.
  7389 | D:8      | Found a shimmering altar of Xom.
  7394 | D:8      | Found a sparkling altar of Nemelex Xobeh.
  8873 | D:9      | Reached skill level 1 in Evocations
  8989 | D:9      | Found a snail-covered altar of Cheibriados.
  9048 | D:9      | Reached XP level 10. HP: 68/91 MP: 13/13
  9114 | D:9      | Found a basalt altar of Yredelemnul.
  9148 | D:9      | Noticed Erolcha
  9162 | D:9      | Killed Erolcha
  9162 | D:9      | Reached ***** piety under Okawaru
  9251 | D:9      | Noticed Harold
  9259 | D:9      | Killed Harold
  9259 | D:9      | Identified the +0 ring mail of Hospitality {Harm Fly}
                  | (Okawaru gifted it to you on level 9 of the Dungeon)
  9259 | D:9      | Received a gift from Okawaru
  9504 | D:9      | Noticed a two-headed ogre
  9515 | D:9      | Killed a two-headed ogre
  9516 | D:9      | Reached skill level 10 in Fighting
  9516 | D:9      | Reached skill level 10 in Armour
  9794 | D:9      | Found a hazy altar of Hepliaklqana.
  9952 | Lair:1   | Entered Level 1 of the Lair of Beasts
  9952 | Lair:1   | You fall into a shaft and drop 1 floor!
  9992 | Lair:1   | Noticed a cane toad
  9993 | Lair:1   | Noticed a black mamba
 10003 | Lair:1   | Killed a cane toad
 10004 | Lair:1   | Reached skill level 10 in Maces & Flails
 10012 | Lair:1   | Killed a black mamba
 10014 | Lair:1   | HP: 2/94 [poisoned by a black mamba]
 10624 | Lair:1   | Reached XP level 11. HP: 93/101 MP: 15/15
 11223 | Lair:2   | Noticed a six-headed hydra
 11233 | Lair:1   | Killed a six-headed hydra
 11452 | Lair:2   | Found a staircase to the Snake Pit.
 12802 | Lair:3   | Found a transporter.
 12807 | Lair:3   | Noticed Fuxod's ghost (journeyman GnWn)
 12816 | Lair:3   | Received a gift from Okawaru
 12817 | Lair:3   | Reached skill level 5 in Evocations
 12885 | Lair:3   | Found a transporter.
 13275 | Lair:3   | Reached XP level 12. HP: 33/112 MP: 17/17
 13955 | Lair:3   | Found a staircase to the Shoals.
 13986 | Lair:3   | Received a gift from Okawaru
 14167 | Lair:3   | Noticed Gastronok
 14345 | Lair:3   | Killed Gastronok
 14345 | Lair:3   | Received a gift from Okawaru
 14792 | Lair:3   | Succumbed to a cane toad's poison

Illustrated notes

Levels and vault maps discovered:
D:1:      dpeg_arrival_long_road, layout_rooms, minmay_distorted
D:2:      layout_rooms, grunt_decor_arrowhead
D:3:      minmay_chambers_of_twos, layout_loops_corners,
          nicolae_ashenzari_panopticon, basic_ecumenical_altar,
          roderic_roman_lattice, uniq_natasha
D:4:      layout_basic, amcnicky_altar_gilded, kennysheep_little_box,
          minmay_temple_entry_slanted, st_stairs_5,
          hangedman_abyss_or_decor_lesser_grid, uniq_blork_the_orc, uniq_sigmund
D:5:      layout_basic, serial_glass, glass_columns_a, glass_columns_c,
          nrook_loot_triangle
D:6:      layout_basic, grunt_temple_overflow_growth_and_decay,
          nicolae_ru_sacrificial_ziggurat, corexii_hall_statues_l
D:7:      layout_rooms
D:8:      layout_basic, grunt_temple_overflow_diamond,
          erik_lair_orcish_takeover, kennysheep_small_spiral
D:9:      layout_roguey, slow_altar_2, mainiacjoe_overflow_alcove_1,
          nicolae_yredelemnul_corpse_copse, uniq_erolcha, uniq_harold
Temple:   nicolae_temple_figure_zero
Lair:1:   layout_gridlike, serial_bayou_shore_a
Lair:2:   layout_cave_pods, guppyfry_snake_entry_garden,
          infiniplex_staircase_pool, grunt_megastairs_2
Lair:3:   wad_woods_tower, layout_chaotic_city, minmay_shoals_entry_hut,
          gammafunk_ghost_berserking_beasts, chequers_serial_rivers_micro_c,
          uniq_gastronok

Skill      XL: |  1  2  3  4  5  6  7  8  9 10 11 12 |
---------------+-------------------------------------+-----
Armour         | 4 5 6 8 9 10 | 10.3
Shields        | 4 5 |  5.6
Fighting       | 4 5 6 7 9 10 12 | 12.7
Maces & Flails | 3 4 5 7 8 10 11 12 | 12.4
Invocations    | 1 2 4 5 7 8 9 |  9.6
Evocations     | 1 4 6 7 |  7.0

Action                     |  1- 3 |  4- 6 |  7- 9 | 10-12 || total
---------------------------+-------+-------+-------+-------++-------
  Melee: Flail             |   106 |   140 |   107 |       ||   353
         Headbutt          |    10 |    20 |    39 |    78 ||   147
         Morningstar       |       |       |   150 |   324 ||   474
         Eveningstar       |       |       |       |     8 ||     8
   Fire: Sling             |       |     3 |    14 |     9 ||    26
 Invoke: Heroism           |       |       |     1 |     4 ||     5
  Evoke: Wand              |       |       |       |     2 ||     2
    Use: Scroll            |       |     4 |    11 |     7 ||    22
         Potion            |       |       |     2 |     4 ||     6
 Armour: Scale mail        |    46 |       |       |       ||    46
         Chain mail        |    33 |    76 |   146 |    51 ||   306
         Plate armour      |       |       |       |    98 ||    98
  Dodge: Dodged            |    53 |    52 |   173 |   206 ||   484
  Block: Buckler           |    36 |    26 |    65 |    75 ||   202
